 Dungeon Crawl Stone Soup version 0.20.1-1-g8b1a95d (webtiles) character file.

1032 slep the Slasher (level 8, -10/69 HPs)
             Began as a Minotaur Fighter on Nov 1, 2017.
             Was an Initiate of Qazlal.
             Mangled by a cyan ugly thing (14 damage)
             ... on level 6 of the Dungeon.
             The game lasted 00:27:06 (4329 turns).

slep the Slasher (Minotaur Fighter)                 Turns: 4329, Time: 00:27:07

Health: -10/69     AC:  9    Str: 21    XL:     8   Next: 3%
Magic:  7/7        EV: 10    Int:  5    God:    Qazlal [......]
Gold:   332        SH: 10    Dex: 12    Spells: 7/7 levels left

rFire    . . .     SeeInvis .   a - +0 long sword
rCold    . . .     Gourm    .   c - +0 shield
rNeg     . . .     Faith    .   G - +2 ring mail "Ludgh" {MR+}
rPois    +         Spirit   .   (helmet restricted)
rElec    .         Reflect  .   (no cloak)
rCorr    .         Harm     .   (no gloves)
MR       +....     Clarity  +   e - +0 pair of boots
Stlth    +.........             q - amulet of regeneration
Regen    0.7/turn               (no ring)
MPRegen  0.1/turn               (no ring)

@: hasted, very quick
A: retaliatory headbutt, horns 2, clarity, poison resistance
a: Renounce Religion


You were on level 6 of the Dungeon.
You worshipped Qazlal.
Qazlal was noncommittal.
You were not hungry.

You visited 2 branches of the dungeon, and saw 7 of its levels.

You collected 332 gold pieces.

Inventory:

Hand Weapons
 a - a +0 long sword (weapon)
 b - a +2 trident of venom
Missiles
 d - 9 tomahawks
 i - 8 steel javelins (quivered)
 E - a throwing net
Armour
 c - a +0 shield (worn)
 e - a +0 pair of boots (worn)
 G - the +2 ring mail "Ludgh" (worn) {MR+}
   (You found it on level 5 of the Dungeon)

   It affects your resistance to hostile enchantments.
Jewellery
 q - an amulet of regeneration (around neck)
 A - an uncursed amulet of rage
Wands
 J - a wand of random effects (11/48)
Scrolls
 h - a scroll of blinking {unknown}
 k - 6 scrolls of identify
 n - a scroll of fog {unknown}
 p - a scroll of amnesia {unknown}
 u - a scroll of fear {unknown}
 v - 2 scrolls of remove curse
 B - a scroll of enchant armour {unknown}
 C - a scroll of teleportation
 F - a scroll of immolation {unknown}
 I - a scroll of magic mapping {unknown}
Potions
 g - a potion of flight
 x - 2 potions of brilliance
 z - a potion of magic
Books
 l - a book of Minor Magic

   Spells                             Type                      Level
   a - Magic Dart                     Conjuration                  1
   b - Blink                          Translocation                2
   c - Call Imp                       Summoning                    2
   d - Slow                           Hexes                        2
   e - Conjure Flame                  Conjuration/Fire             3
   f - Mephitic Cloud                 Conjuration/Poison/Air       3
 D - a book of Conjurations

   Spells                             Type                      Level
   a - Magic Dart                     Conjuration                  1
   b - Searing Ray                    Conjuration                  2
   c - Dazzling Spray                 Conjuration/Hexes            3
   d - Fulminant Prism                Conjuration/Hexes            4
   e - Force Lance                    Conjuration/Translocation    4
   f - Iskenderun's Mystic Blast      Conjuration                  4
Comestibles
 f - 4 bread rations
 m - 4 chunks of flesh
 o - a royal jelly
 w - 3 meat rations


   Skills:
 + Level 5.6 Fighting
 + Level 7.3 Long Blades
   Level 0.8 Maces & Flails
 + Level 6.0 Armour
 + Level 2.5 Dodging
 + Level 0.8 Stealth
 + Level 5.6 Shields


You had 7 spell levels left.
You didn't know any spells.

Dungeon Overview and Level Annotations

Branches:
Dungeon (6/15)             Temple (1/1) D:5

Altars:
Ashenzari
Cheibriados
Dithmenos
Elyvilon
Fedhas
Gozag
Hepliaklqana
Kikubaaqudgha
Makhleb
Nemelex Xobeh
Okawaru
Qazlal
Ru
Sif Muna
Trog
Uskayaw
Vehumet
Xom
Yredelemnul
Zin
The Shining One


Innate Abilities, Weirdness & Mutations

You reflexively headbutt those who attack you in melee.
You have a pair of horns on your head.
You possess an exceptional clarity of mind.
Your system is resistant to poisons. (rPois)


Message History

The cyan ugly thing is severely wounded.
The cyan ugly thing bites you but does no damage.
You block the shadow imp's attack.
You hit the cyan ugly thing.
Your headbutt misses the cyan ugly thing.
The cyan ugly thing is almost dead.
You hit the cyan ugly thing but do no damage.
The cyan ugly thing is almost dead.
The cyan ugly thing bites you!
* * * LOW HITPOINT WARNING * * *
The cyan ugly thing shocks you!
* * * LOW HITPOINT WARNING * * *
The shadow imp closely misses you. You furiously retaliate!
You headbutt the shadow imp!
You kill the shadow imp!
Qazlal accepts your kill.
You feel better. The cyan ugly thing bites you.
* * * LOW HITPOINT WARNING * * *
The cyan ugly thing shocks you!
You die...

##........
#.........
#<........
#......... ####
#.........
##...##.........
.##.....#....$....
..................
..........@u....$.
#........#####....
#......## .
###.....##
.........#
#........#
##.......#
##<....## ##.....#


You could see a cyan ugly thing.

Vanquished Creatures
  A sky beast (D:5)
  2 ogres
  A centaur (D:5)
  A phantom (D:4)
  A howler monkey (D:5)
  A crimson imp (D:5)
  2 hounds (D:4)
  An orc priest (D:6)
  8 orc wizards
  A centaur skeleton (D:4)
  3 worker ants (D:4)
  4 adders
  A shadow imp (D:6)
  A worm (D:2)
  A dart slug (D:2)
  A leopard gecko (D:5)
  9 orcs
  2 giant cockroaches
  6 hobgoblins
  9 jackals
  4 kobolds
  2 quokkas
  2 ball pythons
  5 bats
  5 frilled lizards
  4 goblins
  8 rats
  2 plants (D:1)
88 creatures vanquished.

Vanquished Creatures (others)
  An orc wizard (D:6)
1 creature vanquished.

Grand Total: 89 creatures vanquished

Notes
Turn   | Place    | Note
-------+----------+-------------------------------------------
     0 | D:1      | slep the Minotaur Fighter began the quest for the Orb.
     0 | D:1      | Reached XP level 1. HP: 19/19 MP: 0/0
   489 | D:1      | Reached XP level 2. HP: 22/27 MP: 1/1
  1177 | D:2      | Reached XP level 3. HP: 33/33 MP: 2/2
  1571 | D:2      | Reached skill level 3 in Long Blades
  2201 | D:4      | Noticed a phantom
  2213 | D:4      | Reached XP level 4. HP: 25/40 MP: 3/3
  2216 | D:4      | Reached skill level 4 in Long Blades
  2224 | D:4      | Killed a phantom
  2224 | D:4      | Reached skill level 1 in Dodging
  2224 | D:4      | Reached XP level 5. HP: 29/47 MP: 4/4
  2239 | D:4      | Noticed an ogre
  2244 | D:4      | Killed an ogre
  2244 | D:4      | Reached skill level 5 in Long Blades
  2244 | D:4      | Reached XP level 6. HP: 27/55 MP: 5/5
  2344 | D:4      | Reached skill level 5 in Fighting
  2417 | D:4      | Reached skill level 6 in Long Blades
  2553 | D:4      | Reached skill level 5 in Armour
  2750 | D:5      | Entered Level 5 of the Dungeon
  2754 | D:5      | Noticed a sky beast
  2773 | D:5      | Killed a sky beast
  2773 | D:5      | Reached XP level 7. HP: 53/61 MP: 6/6
  2777 | D:5      | Gained mutation: Your system is resistant to poisons. (rPois) [mutagenic meat]
  2778 | D:5      | Gained mutation: You have a pair of large horns on your head. [mutagenic meat]
  2779 | D:5      | Lost mutation: You have a pair of large horns on your head. [mutagenic meat]
  2780 | D:5      | Gained mutation: You possess an exceptional clarity of mind. [mutagenic meat]
  2797 | D:5      | Reached skill level 5 in Shields
  2799 | D:5      | Reached skill level 7 in Long Blades
  3077 | D:5      | Found a staircase to the Ecumenical Temple.
  3082 | Temple   | Entered the Ecumenical Temple
  3341 | Temple   | Became a worshipper of Qazlal Stormbringer
  3538 | D:5      | Got a smoking ring mail
  3549 | D:5      | Identified the +2 ring mail "Ludgh" {MR+} (You found it on level 5 of the Dungeon)
  4091 | D:6      | Noticed a cyan ugly thing
  4266 | D:6      | Reached XP level 8. HP: 69/69 MP: 7/7
  4328 | D:6      | HP: 2/69 [cyan ugly thing (12)]
  4329 | D:6      | Mangled by a cyan ugly thing

Skill      XL: |  1  2  3  4  5  6  7 |
---------------+----------------------+-----
Armour         | 4 5 6 |  6.0
Fighting       | 4 5 |  5.6
Long Blades    | 3 4 5 6 7 |  7.3
Shields        | 4 5 |  5.6
Dodging        | 1 2 |  2.5
Maces & Flails | |  0.8
Stealth        | |  0.8

Action                   |  1- 3 |  4- 6 |  7- 9 || total
-------------------------+-------+-------+-------++-------
Melee: Long sword        |   183 |    52 |    54 ||   289
       Headbutt          |    37 |    14 |    25 ||    76
       Whip              |       |       |    69 ||    69
  Use: Potion            |     1 |       |    10 ||    11
       Scroll            |       |       |     3 ||     3
  Eat: Chunk             |     4 |     2 |     8 ||    14
       Fruit             |       |       |     2 ||     2
Armor: Scale mail        |    61 |    21 |    18 ||   100
       Ring mail         |       |       |    23 ||    23
Dodge: Dodged            |    34 |    15 |    36 ||    85
Block: Shield            |    45 |    16 |    47 ||   108
       Rpst.: Long sword |    10 |     6 |     7 ||    23
